 Dungeon Crawl Stone Soup version 0.29.1-12-g30fa7ad0bf (webtiles) character file.

Game seed: 17631007403228421895

20278 DildoBatman the Geomancer (level 13, -7/87 (93) HPs)
             Began as a Formicid Conjurer on Jan 1, 2023.
             Was an Elder of Kikubaaqudgha.
             Mangled by a centaur warrior (11 damage)
             ... on level 15 of the Dungeon on Jan 2, 2023.
             The game lasted 00:42:22 (13223 turns).

DildoBatman the Geomancer (Formicid Conjurer)      Turns: 13223, Time: 00:42:22

HP:   -7/87 (93)    AC:  6    Str: 12    XL:     13   Next: 11%
MP:   4/24          EV: 13    Int: 23    God:    Kikubaaqudgha [****..]
Gold: 618           SH:  0    Dex: 18    Spells: 7/27 levels left

rFire   + . .      SeeInvis +   d - +1 scimitar (flame)
rCold   + . .      Faith    +   (no shield)
rNeg    + . .      Spirit   .   I - +0 leather armour {Will+}
rPois   .          Reflect  .   (helmet unavailable)
rElec   .          Harm     .   B - scarf {rC+ rF+}
rCorr   .          Rampage  .   W - +0 pair of gloves
Will    ++...                   y - +0 pair of boots
Stlth   ++........              o - amulet of faith
HPRegen 0.24/turn               C - +6 ring of dexterity
MPRegen 0.19/turn               e - ring of positive energy

@: marked, drained
A: permanent stasis, dig shafts and tunnels, antennae 3, four strong arms,
evolution 1
a: Dig, Shaft Self, Renounce Religion, Unearth Wretches


You were on level 15 of the Dungeon.
You worshipped Kikubaaqudgha.
Kikubaaqudgha was greatly pleased with you.
You visited 2 branches of the dungeon, and saw 16 of its levels.

You collected 912 gold pieces.
You spent 294 gold pieces at shops.

Inventory:

Hand Weapons
 a - a +0 shortbow
 b - a +2 halberd of freezing
 d - a +1 scimitar of flaming (weapon)
Missiles
 X - 5 throwing nets
Armour
 y - a +0 pair of boots (worn)
 B - a scarf of resistance (worn)
 I - a +0 leather armour of willpower (worn)
 J - a +1 cloak
 R - a +0 cloak of willpower
 W - a +0 pair of gloves (worn)
Jewellery
 e - a ring of positive energy (right hand)
 m - an amulet of magic regeneration
 o - an amulet of faith (around neck)
 t - a ring of flight
 C - a +6 ring of dexterity (left hand)
 O - a +6 ring of strength
 U - an amulet of the acrobat
 V - a ring of poison resistance
Wands
 q - a wand of digging (10)
 E - a wand of mindburst (19)
 L - a wand of flame (18)
 N - a wand of paralysis (13)
 Q - a wand of iceblast (1)
Scrolls
 c - a scroll of poison {unknown}
 f - 4 scrolls of teleportation {unknown}
 g - 2 scrolls of magic mapping {unknown}
 l - 2 scrolls of immolation {unknown}
 n - 3 scrolls of enchant weapon {unknown}
 p - 2 scrolls of enchant armour {unknown}
 s - 2 scrolls of summoning {unknown}
 z - a scroll of identify
 A - a scroll of fear {unknown}
 D - 2 scrolls of vulnerability {unknown}
 P - a scroll of butterflies {unknown}
 Y - a scroll of silence {unknown}
Potions
 h - 2 potions of degeneration {unknown}
 i - a potion of cancellation {unknown}
 j - 2 potions of invisibility {unknown}
 k - 5 potions of brilliance
 w - 3 potions of curing
 F - a potion of heal wounds
 G - 2 potions of resistance {unknown}
 H - a potion of magic
 M - a potion of might {unknown}
 S - a potion of haste {unknown}
 T - 2 potions of attraction {unknown}


   Skills:
 * Level 6.2 Fighting
 * Level 6.2 Armour
 * Level 4.3 Dodging
 - Level 2.4 Stealth
 * Level 7.8 Spellcasting
 - Level 6.0 Conjurations
 - Level 12.0 Necromancy
 - Level 3.0 Air Magic
 - Level 12.0 Earth Magic
 - Level 4.0 Poison Magic


You had 7 spell levels left.
You knew the following spells:

 Your Spells              Type           Power      Damage    Failure   Level
a - Borgnjor's Vile Clut  Necr/Erth      29%        N/A       1%          5
c - Searing Ray           Conj           72%        2d7       1%          2
d - Vampiric Draining     Necr           59%        2d10      1%          3
e - Mephitic Cloud        Conj/Pois/Air  28%        N/A       4%          3
f - Magic Dart            Conj           100%       1d8       1%          1
h - Dispel Undead         Necr           59%        3d21      1%          4
z - Sublimation of Blood  Necr           59%        N/A       1%          2

Your spell library contained the following spells:

 Spells                   Type           Power      Damage    Failure   Level
 Necrotise                Necr           100%       1d9       1%          1
 Static Discharge         Conj/Air       29%        3-7/arc   1%          2
 Animate Dead             Necr           59%        N/A       1%          4
 Sting                    Tmut/Pois      72%        1d6       3%          1
 Poisonous Vapours        Pois/Air       50%        N/A       3%          2
 Corpse Rot               Necr/Pois/Air  38%        N/A       6%          4
 Dazzling Flash           Conj/Hex       44%        N/A       8%          3
 Death Channel            Necr           29%        N/A       10%         6
 Call Imp                 Summ           8%         N/A       13%         2
 Olgreb's Toxic Radiance  Pois           27%        N/A       17%         4
 Gell's Gravitas          Tloc           8%         N/A       26%         3
 Teleport Other           Tloc           8%         N/A       26%         3
 Fulminant Prism          Conj/Hex       11%        3d9       26%         4
 Iskenderun's Mystic Bla  Conj/Tloc      22%        2d6       26%         4
 Sticky Flame             Conj/Fire      22%        2d4       26%         4
 Passage of Golubria      Tloc           8%         N/A       65%         4
 Simulacrum               Ice/Necr       18%        N/A       75%         6
 Silence                  Hex/Air        7%         N/A       78%         5
 Summon Forest            Summ/Tloc      4%         N/A       94%         5
 Summon Mana Viper        Hex/Summ       8%         N/A       94%         5
 Dispersal                Tloc           4%         N/A       100%        6
 Summon Cactus Giant      Summ           4%         N/A       100%        6
 Lehudib's Crystal Spear  Conj/Erth      25%        10d7      100%        8


Dungeon Overview and Level Annotations

Branches:
Dungeon (14/15)            Temple (1/1) D:5            Lair (0/5) D:11
    Orc (0/2) D:12
 Vaults: D:13-14

Altars:
Ashenzari
Cheibriados
Elyvilon
Fedhas
Gozag
Kikubaaqudgha
Makhleb
Nemelex Xobeh
Okawaru
Qazlal
Ru
Sif Muna
Trog
Uskayaw
Vehumet
Wu Jian
Xom
Yredelemnul
Zin
The Shining One

Shops:
D:13 !*!

Annotations:
D:3 1 runed translucent door, SonOfSpiff's ghost, weakling HOMo
D:7 exclusion: sensed monster (detected)
D:9 Gastronok
D:14 1 exclusion, Josephine


Innate Abilities, Weirdness & Mutations

You cannot be hasted, slowed, berserked, paralysed or teleported.
You can dig through walls and to a lower floor.
You have a pair of large antennae on your head. (SInv)
Your four strong arms can wield two-handed weapons with a shield.
You have hidden genetic potential.


Message History

You feel drained.
You dig through the rock wall.
You feel drained.
Your +2 halberd of freezing glows with a cold blue light!
b - a +2 halberd of freezing (weapon)
You feel much better.
Your +2 halberd of freezing stops glowing.
Your +1 scimitar of flaming bursts into flame!
d - a +1 scimitar of flaming (weapon)
Okay, then.
Unknown command.
Casting: Borgnjor's Vile Clutch (dangerous; 1% risk of failure)
Confirm with . or Enter, or press ? or * to list all spells.
Aiming: Borgnjor's Vile Clutch (dangerous; 1% risk of failure)
Press: ? - help, Shift-Dir - straight line, f - centaur warrior
Aim: a centaur warrior (100% to hit)
Zombie hands grab the centaur warrior.
The zombie hands constrict the centaur warrior.
The centaur warrior hits you but does no damage.
The centaur warrior kicks you but does no damage.
The centaur warrior hits you. The centaur warrior kicks you.
You retract your mandibles.
You slash the centaur warrior! You burn the centaur warrior.
The centaur warrior is moderately wounded.
The zombie hands constrict the centaur warrior!
The centaur warrior hits you! The centaur warrior closely misses you.
The centaur warrior hits you! The centaur warrior kicks you.
You slash the centaur warrior! You burn the centaur warrior.
The centaur warrior is severely wounded.
The zombie hands constrict the centaur warrior!
The centaur warrior completely misses you.
The centaur warrior kicks you but does no damage.
The centaur warrior hits you!
You die...
Kikubaaqudgha rasps: "You have failed me!
Welcome... death!"

{ .{ .c .c {
#.### ###
#....##@##
##...{.##c#
#......{{##
#......{{.#
#..........#
........./....#
.#.......###..)#
#......### #....
#.....# ##..


You could see a centaur warrior (clutched).

Vanquished Creatures
  2 hydras
  A centaur warrior (D:14)
  3 two-headed ogres
  7 skeletal warriors (D:12)
  2 deep elf pyromancers (D:13)
  Pikel (D:9)
  A manticore (D:14)
  Maurice (D:9)
  2 cyclopes
  A gargoyle (D:12)
  3 unseen horrors (D:12)
  An efreet (D:14)
  2 meliai (D:13)
  2 trolls
  3 slime creatures (D:12)
  2 hornets
  A shadow (D:11)
  3 wyverns
  6 wraiths
  6 yaks (D:9)
  6 vampire mosquitoes
  Edmund (D:5)
  A warg (D:12)
  An acid dragon (D:13)
  An ice beast (D:6)
  2 black bears
  An orc warrior (D:7)
  3 ogres
  7 centaurs
  2 phantoms
  A kobold brigand (D:10)
  A bullfrog (D:7)
  A necrophage (D:6)
  2 gnoll sergeants
  9 wights
  12 killer bees
  A howler monkey (D:11)
  An electric eel (D:11)
  A jelly (D:4)
  A gnoll bouda (D:8)
  Crazy Yiuf (D:4)
  8 orc priests
  Ijyb (D:5)
  4 iguanas
  3 orc wizards
  15 gnolls
  3 adders
  4 shadow imps
  A white imp (D:8)
  3 ufetubi
  6 worms
  2 dart slugs (D:3)
  29 orcs
  3 endoplasms
  4 giant cockroaches
  4 goblins
  4 hobgoblins
  3 quokkas
  8 ball pythons
  7 bats
  7 frilled lizards
  12 kobolds
  10 rats
247 creatures vanquished.

Vanquished Creatures (collateral kills)
  2 killer bees
2 creatures vanquished.

Vanquished Creatures (others)
  An electric eel (D:11)
1 creature vanquished.

Grand Total: 250 creatures vanquished

Notes
Turn   | Place    | Note
-------+----------+-------------------------------------------
     0 | D:1      | DildoBatman the Formicid Conjurer began the quest for the
                  | Orb.
     0 | D:1      | Reached XP level 1. HP: 13/13 MP: 3/3
   184 | D:1      | Reached XP level 2. HP: 20/20 MP: 1/5
   197 | D:1      | Learned a level 2 spell: Searing Ray
   369 | D:1      | Reached skill level 1 in Armour
   398 | D:1      | Reached skill level 1 in Fighting
   398 | D:1      | Reached XP level 3. HP: 23/26 MP: 3/6
  1199 | D:2      | Learned a level 3 spell: Mephitic Cloud
  1537 | D:2      | Found a faded altar of an unknown god.
  1777 | D:3      | Reached XP level 4. HP: 31/32 MP: 4/8
  2069 | D:3      | Found a runed translucent door.
  2073 | D:3      | Noticed SonOfSpiff's ghost (weakling HOMo)
  2175 | D:3      | Found a faded altar of an unknown god.
  2179 | D:3      | Found a snail-covered altar of Cheibriados.
  2402 | D:4      | Reached XP level 5. HP: 34/38 MP: 4/9
  2511 | D:4      | Found a runed translucent door.
  2512 | D:4      | Noticed Crazy Yiuf
  2935 | D:4      | Reached XP level 6. HP: 27/46 MP: 0/11
  3155 | D:4      | Noticed a black bear
  3165 | D:4      | Killed a black bear
  3344 | D:5      | Entered Level 5 of the Dungeon
  3372 | D:5      | Noticed Ijyb
  3426 | D:5      | Noticed Edmund
  3451 | D:5      | Reached XP level 7. HP: 23/52 MP: 0/13
  3621 | D:5      | Reached skill level 5 in Conjurations
  3682 | D:5      | Noticed a hornet
  3872 | D:5      | Reached skill level 1 in Poison Magic
  3947 | D:5      | Found a staircase to the Ecumenical Temple.
  3956 | Temple   | Entered the Ecumenical Temple
  3973 | Temple   | Became a worshipper of Kikubaaqudgha
  4001 | D:5      | Killed Ijyb
  4161 | D:5      | Reached skill level 1 in Air Magic
  4190 | D:5      | Killed a hornet
  4191 | D:5      | Reached skill level 5 in Spellcasting
  4191 | D:5      | Reached XP level 8. HP: 38/58 MP: 4/15
  4658 | D:5      | Killed Edmund
  4797 | D:4      | Killed Crazy Yiuf
  5306 | D:6      | Reached XP level 9. HP: 63/63 MP: 14/19
  6107 | D:7      | Reached * piety under Kikubaaqudgha
  6107 | D:7      | Received a gift from Kikubaaqudgha
  6109 | D:7      | Found a stormy altar of Qazlal.
  6138 | D:7      | Learned a level 2 spell: Sublimation of Blood
  6142 | D:7      | Learned a level 3 spell: Vampiric Draining
  6403 | D:7      | Reached skill level 1 in Necromancy
  6530 | D:7      | Found a glowing silver altar of Zin.
  7228 | D:8      | Reached ** piety under Kikubaaqudgha
  7229 | D:8      | Reached skill level 5 in Fighting
  7229 | D:8      | Reached skill level 5 in Armour
  7675 | D:9      | Learned a level 4 spell: Dispel Undead
  7734 | D:9      | Noticed Gastronok
  7757 | D:9      | Found a bloodstained altar of Trog.
  7785 | D:9      | Noticed a hornet
  7798 | D:9      | Killed a hornet
  7799 | D:9      | Reached XP level 10. HP: 74/74 MP: 11/20
  7810 | D:9      | Noticed Maurice
  7825 | D:9      | Killed Maurice
  7826 | D:9      | Reached skill level 5 in Necromancy
  8163 | D:9      | Noticed Pikel
  8182 | D:9      | Killed Pikel
  8237 | D:9      | Found a hide-covered altar of Uskayaw.
  8695 | D:10     | Entered Level 10 of the Dungeon
  8757 | D:10     | Reached *** piety under Kikubaaqudgha
  8757 | D:10     | Received a gift from Kikubaaqudgha
  8764 | D:10     | Learned a level 5 spell: Borgnjor's Vile Clutch
  8843 | D:10     | Reached skill level 1 in Earth Magic
  8927 | D:10     | Reached XP level 11. HP: 55/79 MP: 16/21
  9519 | D:11     | Noticed a two-headed ogre
  9526 | D:10     | Reached skill level 5 in Earth Magic
  9613 | D:11     | Killed a two-headed ogre
 10010 | D:11     | Noticed a cyclops
 10016 | D:11     | Killed a cyclops
 10063 | D:11     | Found a staircase to the Lair.
 10210 | D:12     | Noticed a skeletal warrior
 10225 | D:12     | Killed a skeletal warrior
 10230 | D:12     | Noticed a skeletal warrior
 10241 | D:12     | Killed a skeletal warrior
 10324 | D:12     | Noticed a skeletal warrior
 10356 | D:12     | Noticed a skeletal warrior
 10356 | D:12     | Noticed a skeletal warrior
 10356 | D:12     | Noticed a skeletal warrior
 10357 | D:12     | Noticed a five-headed hydra
 10358 | D:12     | Noticed a skeletal warrior
 10386 | D:12     | Killed a skeletal warrior
 10532 | D:12     | Noticed a two-headed ogre
 10538 | D:12     | Killed a two-headed ogre
 10539 | D:12     | Reached skill level 10 in Necromancy
 10549 | D:12     | Found a staircase to the Orcish Mines.
 10721 | D:12     | Killed a five-headed hydra
 10722 | D:12     | Reached skill level 10 in Earth Magic
 10727 | D:12     | Killed a skeletal warrior
 10728 | D:12     | Reached XP level 12. HP: 78/86 MP: 1/22
 10828 | D:12     | Killed a skeletal warrior
 10980 | D:12     | You fall into a shaft and drop 2 floors!
 11053 | D:14     | Noticed a four-headed hydra
 11071 | D:14     | Killed a four-headed hydra
 11187 | D:14     | Gained mutation: You occasionally shout uncontrollably at
                  | your foes. [potion of mutation]
 11187 | D:14     | Gained mutation: Armour fits poorly on your strangely
                  | shaped body. [potion of mutation]
 11187 | D:14     | Gained mutation: You are frail. (-10% HP) [potion of
                  | mutation]
 11187 | D:14     | Gained mutation: Your natural rate of healing is unusually
                  | fast. [potion of mutation]
 11188 | D:14     | Lost mutation: Armour fits poorly on your strangely shaped
                  | body. [potion of mutation]
 11188 | D:14     | Lost mutation: Your natural rate of healing is unusually
                  | fast. [potion of mutation]
 11188 | D:14     | Gained mutation: You are dopey. (Int -2) [potion of
                  | mutation]
 11188 | D:14     | Gained mutation: Your spells are a little easier to cast,
                  | but a little less powerful. [potion of mutation]
 11188 | D:14     | Lost mutation: Your spells are a little easier to cast, but
                  | a little less powerful. [potion of mutation]
 11194 | D:13     | Found the +0 mask of the Dragon {Will+ Slay+3 SInv}
 11201 | D:13     | Found Wusou's Distillery.
 11210 | D:13     | Bought a potion of mutation for 112 gold pieces
 11210 | D:13     | Bought a potion of mutation for 112 gold pieces
 11210 | D:13     | Lost mutation: You occasionally shout uncontrollably at
                  | your foes. [potion of mutation]
 11210 | D:13     | Lost mutation: You are dopey. (Int -2) [potion of mutation]
 11210 | D:13     | Lost mutation: You are frail. (-10% HP) [potion of
                  | mutation]
 11210 | D:13     | Gained mutation: You occasionally lose the ability to read
                  | scrolls when taking damage. [potion of mutation]
 11211 | D:13     | Lost mutation: You occasionally lose the ability to read
                  | scrolls when taking damage. [potion of mutation]
 11211 | D:13     | Gained mutation: Your body sometimes deteriorates upon
                  | taking damage. [potion of mutation]
 11211 | D:13     | Lost mutation: Your body sometimes deteriorates upon taking
                  | damage. [potion of mutation]
 11211 | D:13     | Gained mutation: You have hidden genetic potential. [potion
                  | of mutation]
 11213 | D:13     | Found Ossifac's Distillery.
 11232 | D:13     | Bought a potion of heal wounds for 70 gold pieces
 11266 | D:12     | Killed a skeletal warrior
 11278 | D:12     | Noticed a two-headed ogre
 11289 | D:12     | Killed a two-headed ogre
 11469 | D:12     | Reached **** piety under Kikubaaqudgha
 11505 | D:12     | Killed a skeletal warrior
 11868 | D:12     | You fall into a shaft and drop 2 floors!
 12144 | D:13     | Found Mimiebac's General Store.
 12382 | D:12     | You fall into a shaft and drop 2 floors!
 12439 | D:14     | Found an iron altar of Okawaru.
 12646 | D:14     | Noticed Josephine
 12688 | D:14     | Noticed a centaur warrior
 12704 | D:14     | Reached XP level 13. HP: 39/92 MP: 11/24
 12800 | D:14     | Killed a centaur warrior
 13204 | D:13     | Noticed a centaur warrior
 13206 | D:13     | You fall into a shaft and drop 2 floors!
 13206 | D:15     | Entered Level 15 of the Dungeon
 13206 | D:15     | HP: 3/93 [poisoned by a meliai]
 13214 | D:15     | Noticed a centaur warrior
 13222 | D:15     | HP: 4/87 [centaur warrior (4)]
 13223 | D:15     | Mangled by a centaur warrior

Illustrated notes

Levels and vault maps discovered:
D:1:      amcnicky_arrival_single_pillar, layout_basic
D:2:      layout_loops_cross, shapermc_ecumenical_altar_mp_vishouse
D:3:      layout_rooms, nicolae_overflow_ecumenical_swirl,
          ebering_ghost_sewer_d, nicolae_wormholes
D:4:      layout_basic, kennysheep_small_spiral, uniq_crazy_yiuf_cottage
D:5:      layout_basic, minmay_temple_entry_mini_moons, uniq_edmund, uniq_ijyb
D:6:      layout_layer_cave
D:7:      layout_gridville, mainiacjoe_overflow_catwalk,
          riverfiend_overflow_shadow_ancestor, zin_academy
D:8:      layout_layer_cave
D:9:      layout_roguey, bloody_trog, kennysheep_mini, uniq_gastronok,
          uniq_pikel, uniq_maurice
D:10:     layout_basic
D:11:     layout_basic, lair_entry_dummy, minivault_26, nrook_loot_triangle
D:12:     layout_stronghold, david_orc_3
D:13:     layout_rooms, david_vaults_5, serial_shops, nicolae_shop_crystal,
          nicolae_shop_statue_plus, nicolae_shop_bloodbath_and_beyond, shop,
          shop, hellmonk_guarded_unrand_seven_league_boots
D:14:     layout_long_grid, okawaru_gym_becter, uniq_josephine, uniq_azrael,
          uniq_kirke
D:15:     grunt_enter_depths_snipers, layout_cave_pods, serial_shops,
          nicolae_diamond_shop, minmay_misc_feat_chi
Temple:   hellmonk_temple_two_chambers

Skill      XL: |  1  2  3  4  5  6  7  8  9 10 11 12 13 |
---------------+----------------------------------------+-----
Dodging        | 2 3 4 |  4.3
Armour         | 1 2 3 5 6 |  6.2
Fighting       | 1 2 3 5 6 |  6.2
Conjurations   | 4 5 6 |  6.0
Spellcasting   | 3 4 5 6 7 |  7.8
Poison Magic   | 2 4 |  4.0
Air Magic      | 1 2 3 |  3.0
Necromancy     | 4 9 10 12 | 12.0
Earth Magic    | 2 10 12 | 12.0
Stealth        | |  2.4

Action                   |  1- 3 |  4- 6 |  7- 9 | 10-12 | 13-15 || total
-------------------------+-------+-------+-------+-------+-------++-------
Melee: Short sword       |    19 |       |       |       |       ||    19
       Punch             |     1 |       |       |       |       ||     1
       Flail             |       |       |    23 |       |       ||    23
       Staff             |       |       |     3 |     1 |       ||     4
       Halberd           |       |       |       |   102 |       ||   102
       Scimitar          |       |       |       |       |     2 ||     2
 Fire: Sling             |    25 |    93 |     8 |       |       ||   126
       Shortbow          |       |       |   128 |   110 |     2 ||   240
 Cast: Magic Dart        |    45 |    13 |     5 |     6 |       ||    69
       Searing Ray       |     5 |    20 |    36 |    14 |       ||    75
       Mephitic Cloud    |       |       |    30 |    27 |       ||    57
       Vampiric Draining |       |       |       |    30 |       ||    30
       Borgnjor's Vile C |       |       |       |    44 |     9 ||    53
       Dispel Undead     |       |       |       |    26 |       ||    26
       Sublimation of Bl |       |       |       |    12 |       ||    12
 Abil: Shaft Self        |       |       |       |     3 |     1 ||     4
       Dig               |       |       |       |     1 |     1 ||     2
  Use: Scroll            |       |     1 |       |     5 |       ||     6
       Potion            |       |       |       |     4 |     3 ||     7
 Stab: Confused          |       |       |     5 |     9 |       ||    14
       Sleeping          |       |       |       |     1 |       ||     1
Armor: Robe              |     8 |    10 |    10 |       |       ||    28
       Leather armour    |       |       |     3 |    37 |     5 ||    45
Dodge: Dodged            |    28 |    37 |    35 |   129 |    13 ||   242
